 Dungeon Crawl Stone Soup version 0.31-a0-1321-g5021b54 (webtiles) character file.

Game seed: 2515632738327913261

37 Meow the Conjurer (level 3, 28/28 HPs)
             Began as a Naga Conjurer on Dec 20, 2023.
             Quit the game on level 2 of the Dungeon.
             The game lasted 00:02:52 (1226 turns).

Meow the Conjurer (Naga Conjurer)                   Turns: 1226, Time: 00:02:53

Health: 28/28      AC:  2    Str:  9    XL:     3   Next: 41%
Magic:  7/7        EV: 10    Int: 20    God:
Gold:   96         SH:  0    Dex: 15    Spells: 4/7 levels left

rFire   . . .        a - +0 sling
rCold   . . .        (no shield)
rNeg    . . .        h - +0 robe
rPois   +            (no helmet)
rElec   .            (no cloak)
rCorr   .            (no gloves)
SInv    +            (no barding)
Will    .....        (no amulet)
Stlth   ++           c - +6 ring of dexterity
HPRegen 0.24/turn    (no ring)
MPRegen 0.10/turn

%: no passive effects
@: very slow
A: AC +1, large, see invisible, deformed body, poison resistance, slowness 2,
spit poison 1, naga tail 1
a: Spit Poison


You were on level 2 of the Dungeon.
You visited 1 branch of the dungeon, and saw 2 of its levels.

You collected 96 gold pieces.

Inventory:

Hand Weapons
 a - a +0 sling (weapon)
 b - a +0 mace
Missiles
 l - 4 javelins
Armour
 h - a +0 robe (worn)
Jewellery
 c - a +6 ring of dexterity (left hand)
Scrolls
 d - a scroll of noise {unknown}
 f - a scroll of brand weapon {unknown}
 g - 3 scrolls of teleportation {unknown}
 k - a scroll of fear {unknown}
 m - 3 scrolls of poison {unknown}
Potions
 e - a potion of curing {unknown}
 i - a potion of resistance {unknown}
 j - a potion of magic
 n - a potion of haste {unknown}


   Skills:
 - Level 1.5 Dodging
 - Level 3.0 Stealth
 + Level 2.8 Spellcasting
 + Level 4.6 Conjurations


You had 4 spell levels left.
You knew the following spells:

 Your Spells              Type           Power      Damage    Failure   Level
a - Magic Dart            Conj           84%        1d7       2%          1
b - Searing Ray           Conj           42%        2d6       3%          2

Your spell library contained the following spells:

 Spells                   Type           Power      Damage    Failure   Level
 Fulminant Prism          Conj/Alch      6%         3d7       50%         4
 Iskenderun's Mystic Bla  Conj/Tloc      12%        2d5       50%         4


Dungeon Overview and Level Annotations

Branches:
Dungeon (2/15)

Altars:


Innate Abilities, Weirdness & Mutations

Your serpentine skin is tough. (AC +1)
You have supernaturally acute eyesight. (SInv)
Armour fits poorly on your strangely shaped body.
Your system is resistant to poisons. (rPois)
You cover ground very slowly.
You can spit poison.
You have a snake-like lower body.


Message History

The hobgoblin shouts!
The hobgoblin shoots a sling bullet.
The sling bullet hits you.
Fire: a) +0 sling
Press: ? - help, Q - select action, (/) - cycle Shift-Dir - straight line, f/p - hobgoblin
Aim: a hobgoblin, wielding a +0 sling (54% to hit)
You shoot a sling bullet.
The sling bullet barely misses the hobgoblin.
The hobgoblin shoots a sling bullet.
The sling bullet barely misses you.
Aiming: Spit Poison (2% risk of failure)
Press: ? - help, Shift-Dir - straight line, f - you, p - hobgoblin
Okay, then.
Fire: a) +0 sling
Press: ? - help, Q - select action, (/) - cycle Shift-Dir - straight line, f - hobgoblin
Aim: a hobgoblin, wielding a +0 sling (54% to hit)
Okay, then.
Fire: a) +0 sling
Press: ? - help, Q - select action, (/) - cycle Shift-Dir - straight line, f - hobgoblin
Aim: a hobgoblin, wielding a +0 sling (54% to hit)
You shoot a sling bullet.
The sling bullet closely misses the hobgoblin.
Unknown command.
Fire: a) +0 sling
Press: ? - help, Q - select action, (/) - cycle Shift-Dir - straight line, f/p - hobgoblin
Aim: a hobgoblin, wielding a +0 sling (54% to hit)
You shoot a sling bullet. The sling bullet hits the hobgoblin.
The hobgoblin is moderately wounded.
The hobgoblin shoots a sling bullet.
The sling bullet hits you.
The hobgoblin shoots a sling bullet.
The sling bullet hits you.
Aiming: Spit Poison (2% risk of failure)
Press: ? - help, Shift-Dir - straight line, f/p - hobgoblin
Aim: a hobgoblin, wielding a +0 sling (moderately wounded, 59% to hit)
The splash of poison hits the hobgoblin!
The hobgoblin is poisoned.
You kill the hobgoblin!
Unknown command.
You start resting.
You have got your breath back.
You start resting.
HP restored.
Are you sure you want to abandon this character and quit the game? (Confirm with "yes".)

##..## ##..# ##.## #..#
#####.################.
...)...................
###########.....###
#####.#### #..@..#
#..##.# #..# .# #... ..
#.## ... .. .).. .##
..... . .#....


There were no monsters in sight!

Vanquished Creatures
  3 dart slugs
  2 bats (D:1)
  4 endoplasms (D:1)
  2 giant cockroaches (D:1)
  8 goblins
  A hobgoblin (D:2)
  A quokka (D:1)
  3 ball pythons (D:1)
  2 kobolds
  3 rats
29 creatures vanquished.

Notes
Turn   | Place    | Note
-------+----------+-------------------------------------------
     0 | D:1      | Meow the Naga Conjurer began the quest for the Orb.
     0 | D:1      | Reached XP level 1. HP: 15/15 MP: 3/3
   155 | D:1      | You fall into a shaft and drop 1 floor!
   220 | D:1      | Reached XP level 2. HP: 22/22 MP: 0/5
   223 | D:1      | Learned a level 2 spell: Searing Ray
   581 | D:1      | Reached XP level 3. HP: 28/28 MP: 2/6
   638 | D:1      | Found a faded altar of an unknown god.
  1226 | D:2      | Quit the game

Illustrated notes

Levels and vault maps discovered:
D:1:      grunt_arrival_crossed_arrows, layout_rooms, basic_ecumenical_altar
D:2:      layout_basic, hangedman_abyss_or_decor_lesser_grid

Action                     || total
---------------------------++-------
   Fire: Sling             ||     6
   Cast: Magic Dart        ||    45
Ability: Spit Poison       ||    12
 Armour: Robe              ||     7
  Dodge: Dodged            ||     5

Table legend: (Time is in decaauts)
 A = Elapsed time spent in this place.
 B = Non-inter-level travel time spent in this place.
 C = Inter-level travel time spent in this place.
 D = Time resting spent in this place.
 E = Time spent auto-exploring this place.
 F = Levels seen in this place.
 G = Mean time per level.
                   A        B        C        D        E       F      G
               +--------+--------+--------+--------+--------+-----+--------+
         Total |   1464 |   1383 |     81 |    528 |    681 |   2 |  732.0 |
       Dungeon |   1464 |   1383 |     81 |    528 |    681 |   2 |  732.0 |
               +--------+--------+--------+--------+--------+-----+--------+

Top non-repeatable levels by time:
     D:1: 1030 daAuts
     D:2: 434 daAuts
